 Dungeon Crawl Stone Soup version 0.22.1-2-g9c5b331 (webtiles) character file.

95 diana the Skirmisher (level 4, -1/29 HPs)
             Began as a Gargoyle Fighter on Nov 18, 2018.
             Slain by Grinder (7 damage)
             ... on level 3 of the Dungeon.
             The game lasted 00:01:58 (1598 turns).

diana the Skirmisher (Gargoyle Fighter)             Turns: 1598, Time: 00:02:00

Health: -1/29      AC: 16    Str: 25    XL:     4   Next: 65%
Magic:  4/4        EV:  4    Int:  9    God:
Gold:   91         SH:  9    Dex:  9    Spells: 3/3 levels left

rFire    . . .     SeeInvis .   a - +0 flail
rCold    . . .     Gourm    .   c - +0 shield
rNeg     + . .     Faith    .   g - +0 plate armour
rPois    ∞         Spirit   .   (no helmet)
rElec    +         Reflect  .   (no cloak)
rCorr    .         Harm     +   k - +0 pair of gloves
MR       .....                  (no boots)
Stlth    ..........             j - amulet of harm
HPRegen  0.09/turn              (no ring)
MPRegen  0.09/turn              (no ring)

@: mighty
A: negative energy resistance 1, electricity resistance, unbreathing,
petrification resistance, rot immunity, AC +3
a: no special abilities


You were on level 3 of the Dungeon.
You were hungry.

You visited 1 branch of the dungeon, and saw 3 of its levels.

You collected 91 gold pieces.

Inventory:

Hand Weapons
 a - a +0 flail (weapon)
Armour
 b - a +0 scale mail
 c - a +0 shield (worn)
 g - a +0 plate armour (worn)
 k - a +0 pair of gloves (worn)
Jewellery
 j - an amulet of harm (around neck)
Scrolls
 e - a scroll of teleportation {unknown}
 h - a scroll of remove curse {unknown}
 i - 2 scrolls of amnesia {unknown}
 m - 2 scrolls of identify {unknown}
Potions
 l - a potion of haste {unknown}
Comestibles
 f - 5 rations


   Skills:
 + Level 3.9 Fighting
 * Level 3.3 Maces & Flails
 + Level 3.8 Armour
 + Level 3.9 Shields


You had 3 spell levels left.
You didn't know any spells.
Your spell library was empty.

Dungeon Overview and Level Annotations

Branches:
Dungeon (3/15)

Altars:
Dithmenos
Gozag
Wu Jian
Zin

Shops:
D:2 *

Annotations:
D:3 Grinder


Innate Abilities, Weirdness & Mutations

You are resistant to torment.
Your stone body is resilient. (AC +3)
You are immune to poison.
You resist negative energy. (rN+)
You are resistant to electric shocks. (rElec)
You can survive without breathing.
You are immune to petrification.
You are immune to rotting.


Message History

Items here: )) [ † a club; a whip; a scale mail; an orc corpse The bat barely misses you.
You closely miss the bat. The bat hits you but does no damage.
You bludgeon the bat!!
You kill the bat!
You see here a bat corpse.
You bludgeon Grinder!!
Grinder is almost dead.
Grinder gestures at you. Pain shoots through your body!
* * * LOW HITPOINT WARNING * * *
Your plate armour prevents you from hitting Grinder.
Grinder is almost dead.
Grinder hits you but does no damage. You block Grinder's attack.
Unknown command.
You closely miss Grinder.
Grinder is almost dead.
Grinder hits you.
You die...

.... #..#
......##..#
......##..#
....##..#
...##..####.?.
#.##.........
..#.####......######
#......5....#.#
###.###@†..##.#
......#†).....#
#......####
#...<.....#
#.####....# # .....#
#######


You could see Grinder.

Vanquished Creatures
  5 adders
  A dart slug (D:1)
  4 leopard geckos
  An orc (D:3)
  2 giant cockroaches (D:1)
  7 goblins
  7 hobgoblins
  5 bats
  A frilled lizard (D:2)
  4 kobolds
  7 rats
44 creatures vanquished.

Notes
Turn   | Place    | Note
-------+----------+-------------------------------------------
     0 | D:1      | diana the Gargoyle Fighter began the quest for the Orb.
     0 | D:1      | Reached XP level 1. HP: 14/14 MP: 1/1
    95 | D:1      | Reached XP level 2. HP: 19/19 MP: 2/2
   366 | D:1      | Reached XP level 3. HP: 21/23 MP: 3/3
   500 | D:2      | Found an opulent altar of Gozag.
   537 | D:2      | Found a shadowy altar of Dithmenos.
   736 | D:2      | Found Zin's Purification Station.
   739 | D:2      | Found a glowing silver altar of Zin.
   902 | D:2      | Found an ornate altar of the Wu Jian Council.
  1166 | D:2      | Reached XP level 4. HP: 21/29 MP: 4/4
  1565 | D:3      | Noticed Grinder
  1598 | D:3      | Slain by Grinder

Skill      XL: |  1  2  3 |
---------------+----------+-----
Maces & Flails | 3 |  3.3
Fighting       | |  3.9
Armour         | |  3.8
Shields        | |  3.9

Action                   |  1- 3 |  4- 6 || total
-------------------------+-------+-------++-------
Melee: Flail             |   183 |    43 ||   226
  Use: Potion            |       |     1 ||     1
  Eat: Chunk             |       |     2 ||     2
Armor: Scale mail        |     7 |       ||     7
       Plate armour      |   178 |    48 ||   226
Dodge: Dodged            |    36 |    11 ||    47
Block: Shield            |   115 |    34 ||   149
